 Dungeon Crawl Stone Soup version 0.21-a0-140-g479285b (webtiles) character file.

91 drasked the Chiller (level 4, -6/36 HPs)
             Began as a Deep Elf Ice Elementalist on July 21, 2017.
             Killed from afar by an orc wizard (10 damage)
             ... with a magic dart
             ... on level 3 of the Dungeon.
             The game lasted 00:10:57 (2232 turns).

drasked the Chiller (Deep Elf Ice Elementalist)     Turns: 2232, Time: 00:10:58

Health: -6/36      AC:  3    Str: 10    XL:     4   Next: 33%
Magic:  5/10       EV: 13    Int: 21    God:
Gold:   134        SH:  0    Dex: 15    Spells: 5/9 levels left

rFire    . . .     SeeInvis .   k - +0 short sword
rCold    . . .     Gourm    .   (no shield)
rNeg     . . .     Faith    .   a - +0 robe
rPois    .         Spirit   .   (no helmet)
rElec    .         Reflect  .   (no cloak)
rCorr    .         Harm     .   (no gloves)
MR       .....                  n - +0 pair of boots
Stlth    ..........             (no amulet)
HPRegen  0.12/turn              (no ring)
MPRegen  0.12/turn              (no ring)

@: berserking (expiring), very quick
A: no striking features
a: no special abilities


You were on level 3 of the Dungeon.
You were not hungry.

You visited 1 branch of the dungeon, and saw 3 of its levels.

You collected 134 gold pieces.

Inventory:

Hand Weapons
 k - a +0 short sword (weapon)
   (You took it off a kobold on level 1 of the Dungeon)
Armour
 a - a +0 robe (worn)
 n - a +0 pair of boots (worn)
   (You found it on level 2 of the Dungeon)
Scrolls
 e - 2 scrolls of fear {unknown}
 h - 2 scrolls of fog {unknown}
 j - a scroll of recharging {unknown}
 m - a scroll of blinking {unknown}
 o - a scroll of random uselessness {unknown}
Potions
 f - a potion of lignification {!q}
 g - a potion of might {unknown}
Books
 b - a book of Frost
Comestibles
 c - a bread ration {@e1}
 i - a royal jelly
 l - 4 chunks of flesh {@w0}


   Skills:
 - Level 2.4 Dodging
 - Level 2.4 Stealth
 - Level 3.0 Spellcasting
   Level 1.1 Conjurations
 + Level 1.9 Charms
 * Level 5.4 Ice Magic


You had 5 spell levels left.
You knew the following spells:

 Your Spells              Type           Power        Failure   Level  Hunger
a - Freeze                Ice            ####         1%          1    None
A - Ozocubu's Armour      Chrm/Ice       ###.....     9%          3    ###....


Dungeon Overview and Level Annotations

Branches:
Dungeon (3/15)

Altars:


Message History

You now have 9/10 mp.
A hobgoblin comes into view.
The leopard gecko barely misses you.
Aim: a leopard gecko (clinging)
You freeze the leopard gecko.
You kill the leopard gecko!
You now have 8/10 mp.
Aim: a hobgoblin You freeze the hobgoblin.
You kill the hobgoblin!
You see here a frilled lizard corpse.
That item cannot be evoked!
Unknown command.
Unknown command.
You butcher the frilled lizard corpse.
l - 4 chunks of flesh {@w0} (gained 1)
A frilled lizard comes into view.
What are your orders? t - Shout!
Orders for allies: a - Attack new target. r - Retreat! s - Stop attacking. g - Guard the area. f - Follow me.
Anything else - Cancel.
You shout for attention!
The frilled lizard hisses angrily.
There is a stone staircase leading up here.
MP restored: 10
Aim: a frilled lizard You freeze the frilled lizard.
You kill the frilled lizard!
You now have 9/10 mp.
Found a stone staircase leading down.
MP restored: 10 Charly's ghost (weakling Vine Stalker Ice Elementalist) comes into view.
Here: Charly's ghost (hasn't noticed you)
The floor.
What are your orders? t - Shout!
Orders for allies: a - Attack new target. r - Retreat! s - Stop attacking. g - Guard the area. f - Follow me.
Anything else - Cancel.
You shout for attention!
Charly's ghost turns its malevolent gaze towards you.
You hear a shout! x3
A rat comes into view.
A goblin comes into view.
An orc comes into view. It is wielding a flail.
Aim: Charly's ghost You freeze Charly's ghost.
The goblin shouts!
Charly's ghost gestures at you while chanting.
You are frozen.
An orc wizard comes into view. It is wielding a dagger.
You take 1 damage, and have 23/24 hp.
You now have 9/10 mp.
The orc wizard casts a spell.
The orc wizard seems to speed up.
Health restored: 24 The orc wizard casts a spell.
The orc wizard blinks!
An orc priest comes into view.
Aim: Charly's ghost (lightly damaged)
You freeze Charly's ghost. Charly's ghost hits you.
You take 6 damage, and have 18/24 hp.
MASSIVE DAMAGE!!
You now have 8/10 mp.
Aim: Charly's ghost (severely damaged)
You freeze Charly's ghost.
Charly's ghost gestures at you while chanting.
You are frozen.
You take 7 damage, and have 11/24 hp.
MASSIVE DAMAGE!!
Aim: Charly's ghost (almost destroyed)
You freeze Charly's ghost.
You destroy Charly's ghost!
You now have 7/10 mp.
Aim: an orc, wielding a flail You freeze the orc.
You kill the orc!
You now have 6/10 mp.
Aim: an orc wizard, wielding a dagger and wearing a robe (fast)
You freeze the orc wizard.
The orc wizard gestures at you while chanting.
The magic dart hits you!
* * * LOW HITPOINT WARNING * * *
You take 9 damage, and have 2/24 hp.
MASSIVE DAMAGE!!
You now have 5/10 mp.
It was a potion of berserk rage.
A red film seems to cover your vision as you go berserk!
You feel yourself moving faster!
You feel mighty! The orc wizard closely misses you.
The orc wizard barely misses you.
You now have 3/36 hp.
You are too berserk!
You closely miss the orc wizard.
The orc priest looks encouraged for a moment.
The orc wizard barely misses you.
You feel a strong urge to attack something.
The orc wizard points at you and mumbles some strange words.
The magic dart hits you!
You die...

..#........###
..........o. #.......#
#.....# #r.o# #. ###.##
#>##.#######...#♣
....#.#..o.go....♣ ≈≈
..#...#@#####...#≈≈≈≈≈
.....#.## ##.#♣≈≈≈≈P
#.#.....#####.≈≈≈≈≈≈≈
#.#.#......##...≈.≈..≈♣
#................≈≈....
##...#......#...........
....#.....#...PP≈≈≈..≈.
#..##..#......≈≈♣≈≈≈≈≈P
#
#..##..####.....♣♣≈≈≈P≈


You could see an orc priest, an orc wizard and a goblin.

Vanquished Creatures
  The ghost of Charly the Chiller, a weakling VSIE (D:3)
  2 adders (D:2)
  An ooze (D:1)
  A worm (D:2)
  4 dart slugs
  3 leopard geckos
  An orc (D:3)
  2 bats
  2 giant cockroaches
  4 goblins
  5 hobgoblins
  A jackal (D:1)
  A quokka (D:2)
  5 frilled lizards
  7 kobolds
  5 rats
45 creatures vanquished.

Notes
Turn   | Place    | Note
-------+----------+-------------------------------------------
     0 | D:1      | drasked the Deep Elf Ice Elementalist began the quest for the Orb.
     0 | D:1      | Reached XP level 1. HP: 10/10 MP: 6/6
   131 | D:1      | Reached XP level 2. HP: 15/15 MP: 4/8
   157 | D:1      | Reached skill level 4 in Ice Magic
  1030 | D:1      | Reached XP level 3. HP: 10/19 MP: 2/9
  1153 | D:1      | Learned a level 3 spell: Ozocubu's Armour
  1250 | D:2      | Reached skill level 5 in Ice Magic
  1757 | D:2      | Reached skill level 1 in Charms
  1876 | D:2      | Reached XP level 4. HP: 24/24 MP: 7/10
  2208 | D:3      | Noticed Charly's ghost (weakling VSIE)
  2225 | D:3      | Killed Charly's ghost
  2227 | D:3      | HP: 2/24 [orc wizard/magic dart (9)]
  2232 | D:3      | Killed from afar by an orc wizard

Vault maps used:
D:1:      mrwooster_arrival_arrow, serial_bayou_pond_b
D:2:      serial_forest, infiniplex_forest_lined_3,
          infiniplex_forest_straight_2, infiniplex_forest_lined_ring,
          infiniplex_forest_straight_4, infiniplex_forest_end_2
D:3:      kennysheep_the_goblin_king, serial_bayou, serial_bayou_pond_a,
          serial_bayou_shore_a, serial_bayou_ford_a, serial_bayou_pond_b,
          grunt_decor_cap, lemuel_angel_altar

Skill      XL: |  1  2  3 |
---------------+----------+-----
Ice Magic      | 4 5 |  5.4
Charms         | 1 |  1.9
Dodging        | |  2.4
Stealth        | |  2.4
Spellcasting   | |  3.0
Conjurations   | |  1.1

Action                   |  1- 3 |  4- 6 || total
-------------------------+-------+-------++-------
Melee: Short sword       |     1 |     1 ||     2
 Cast: Freeze            |    60 |    17 ||    77
       Ozocubu's Armour  |     2 |       ||     2
  Use: Potion            |     1 |     1 ||     2
 Stab: Sleeping          |     1 |       ||     1
  Eat: Chunk             |     3 |     1 ||     4
Armor: Robe              |    12 |       ||    12
Dodge: Dodged            |    27 |     6 ||    33

Vault maps used:
D:1:      mrwooster_arrival_arrow, serial_bayou_pond_b
D:2:      serial_forest, infiniplex_forest_lined_3,
          infiniplex_forest_straight_2, infiniplex_forest_lined_ring,
          infiniplex_forest_straight_4, infiniplex_forest_end_2
D:3:      kennysheep_the_goblin_king, serial_bayou, serial_bayou_pond_a,
          serial_bayou_shore_a, serial_bayou_ford_a, serial_bayou_pond_b,
          grunt_decor_cap, lemuel_angel_altar

Table legend:
 A = Turns spent in this place as a percentage of turns spent in the entire game.
 B = Non-inter-level travel turns spent in this place as a percentage of non-inter-level travel turns spent in the entire game.
 C = Inter-level travel turns spent in this place as a percentage of turns spent in this place.
 D = Turns resting spent in this place as a percentage of non-inter-level travel turns spent in this place.
 E = Turns spent auto-exploring this place as a percentage of non-inter-level travel turns spent in this place.
 F = Non-inter-level travel turns spent in this place divided by the number of levels of this place that you've seen.
                   A       B       C       D       E      F
               +-------+-------+-------+-------+-------+----------------------
         Total | 100.0 | 100.0 |   0.3 |   3.8 |   9.4 | 210.3
       Dungeon | 100.0 | 100.0 |   0.3 |   3.8 |   9.4 | 210.3
               +-------+-------+-------+-------+-------+----------------------

Table legend:
 A = Kills in this place as a percentage of kills in entire the game.
 B = Kills by you in this place as a percentage of kills by you in the entire game.
 C = Kills by friends in this place as a percentage of kills by friends in the entire game.
 D = Other kills in this place as a percentage of other kills in the entire game.
 E = Experience gained in this place as a percentage of experience gained in the entire game.
 F = Experience gained in this place divided by the number of levels of this place that you have seen.
                   A       B       C       D       E      F
               +-------+-------+-------+-------+-------+----------------------
         Total | 100.0 | 100.0 |  -nan |  -nan | 100.0 |  43.3
       Dungeon | 100.0 | 100.0 |  -nan |  -nan | 100.0 |  43.3
               +-------+-------+-------+-------+-------+----------------------
